 Dungeon Crawl Stone Soup version 0.17.1-1-g73c8601 (webtiles) character file.

5388 JustSomeDude the Skirmisher (level 10, 0/79 HPs)
             Began as a Demonspawn Monk on Jan 4, 2016.
             Was the Champion of Cheibriados.
             Slain by a seven-headed hydra (1 damage)
             ... on level 8 of the Dungeon.
             The game lasted 00:35:51 (7205 turns).

JustSomeDude the Skirmisher (Demonspawn Monk)       Turns: 7205, Time: 00:35:52

Health: 0/79       AC: 22    Str: 27    XL:     10   Next: 39%
Magic:  10/10      EV: 16    Int: 31    God:    Cheibriados [******]
Gold:   403        SH:  0    Dex: 33    Spells: 0 memorised, 9 levels left

rFire  . . .     SeeInvis .     t - +5 spear of Fee Simple {pain, rC- MR+ Int+5}
rCold  . . .     Clarity  .     w - +0 chain mail
rNeg   . . .     SustAt   +     (no shield)
rPois  .         Gourm    .     (no helmet)
rElec  .         Spirit   .     (no cloak)
rCorr  .         Warding  .     c - +1 pair of gloves
rMut   .         Stasis   .     (no boots)
MR     +....                    v - amulet of faith
Stlth  +.........               p - ring of sustain attributes
                                e - +2 ring of dexterity

@: very slow, somewhat resistant to hostile enchantments, very unstealthy
A: rough black scales 3, cold resistance 1, demonic guardian 2, freezing cloud
immunity
a: Bend Time, Temporal Distortion, Slouch, Step From Time, Renounce Religion


You were on level 8 of the Dungeon.
You worshipped Cheibriados.
Cheibriados was exalted by your worship.
You were very hungry.

You visited 2 branches of the dungeon, and saw 9 of its levels.

You collected 403 gold pieces.

Inventory:

Hand Weapons
 h - a +1 hand axe
 t - the +5 spear of Fee Simple (weapon) {pain, rC- MR+ Int+5}
   (You took it off a crimson imp on level 5 of the Dungeon)

   In the hands of one skilled in necromantic magic, it inflicts extra damage on
   living creatures.
   It affects your intelligence (+5).
   It makes you vulnerable to cold.
   It affects your resistance to hostile enchantments.
Missiles
 y - 4 tomahawks (quivered)
Armour
 c - a +1 pair of gloves (worn)
 w - a +0 chain mail (worn)
 K - a +1 hat
Jewellery
 e - a +2 ring of dexterity (left hand)
 p - a ring of sustain attributes (right hand)
 v - an amulet of faith (around neck)
Wands
 B - a wand of polymorph (6)
 G - a wand of enslavement (13)
Scrolls
 a - a scroll of magic mapping
 i - a scroll of fog
 j - a scroll of noise
 k - 4 scrolls of remove curse
 m - 3 scrolls of identify
 o - 2 scrolls of teleportation
 u - 2 scrolls of fear
 H - a scroll of amnesia
 J - a scroll of enchant armour
 L - a scroll of silence {unknown}
Potions
 f - a potion of curing
 l - 4 potions of haste
 r - 2 potions of poison {unknown}
 s - a potion of heal wounds {unknown}
 z - a potion of might {unknown}
 A - 2 potions of berserk rage
 C - a potion of agility {unknown}
 E - a potion of mutation {unknown}
 F - a potion of magic {unknown}
 I - a potion of degeneration {unknown}
Books
 n - a book of Conjurations

   Spells                             Type                      Level
   a - Magic Dart                     Conjuration                  1
   b - Searing Ray                    Conjuration                  2
   c - Dazzling Spray                 Conjuration/Hexes            3
   d - Fulminant Prism                Conjuration/Hexes            4
   e - Iskenderun's Mystic Blast      Conjuration                  4
   f - Iskenderun's Battlesphere      Conjuration/Charms           5
 q - a Young Poisoner's Handbook

   Spells                             Type                      Level
   a - Sting                          Conjuration/Poison           1
   b - Cure Poison                    Poison                       2
   c - Mephitic Cloud                 Conjuration/Poison/Air       3
   d - Olgreb's Toxic Radiance        Poison                       4
   e - Venom Bolt                     Conjuration/Poison           5
Comestibles
 b - 8 bread rations
 d - 7 fruits
 g - 4 meat rations
 x - 4 beef jerkies
 D - a slice of pizza


   Skills:
 + Level 7.5 Fighting
   Level 0.5 Short Blades
 + Level 3.5(5.3) Axes
 + Level 6.2(6.7) Polearms
 + Level 6.9 Armour
 + Level 6.9 Dodging
 + Level 4.2 Stealth
 + Level 4.2 Unarmed Combat


You had 9 spell levels left.
You didn't know any spells.

Dungeon Overview and Level Annotations

Branches:
Dungeon (8/15)             Temple (1/1) D:6            Lair (0/8) D:8

Altars:
Ashenzari
Cheibriados
Dithmenos
Elyvilon
Fedhas
Gozag
Kikubaaqudgha
Makhleb
Nemelex Xobeh
Okawaru
Qazlal
Ru
Sif Muna
Trog
Vehumet
Xom
Yredelemnul
Zin
The Shining One

Shops:
D:8 (


Innate Abilities, Weirdness & Mutations

You are completely covered in rough black scales (AC +10, Dex -3).
Your flesh is cold resistant.
A demonic guardian rushes to your aid.
You are immune to freezing clouds.


Message History

Drink which item? (? for menu, Esc to quit)
You feel better.
The seven-headed hydra closely misses you.
The seven-headed hydra bites you but does no damage.
The seven-headed hydra completely misses you.
The seven-headed hydra closely misses you.
The seven-headed hydra bites you but does no damage.
The seven-headed hydra bites you!
* * * LOW HITPOINT WARNING * * *
The seven-headed hydra bites you but does no damage.
You puncture the seven-headed hydra!
The seven-headed hydra is heavily wounded.
The seven-headed hydra bites you!
* * * LOW HITPOINT WARNING * * *
The seven-headed hydra bites you but does no damage.
The seven-headed hydra bites you!
* * * LOW HITPOINT WARNING * * *
The seven-headed hydra bites you but does no damage.
The seven-headed hydra bites you.
You die...

#.# #.#
#.#.#.#.#.##.. .# #.#
#.#.###.###.###.# #.#
#.# #.###.#.#.#.##.#
#.#
#.#.#.#.###.###[#.#
#.#
#.###.###.#.#.##>#
#.#.#.#.#.#.###.###.#
#c###.###.###.#.##)#
#D#3#.#.#.#.###(#)#
#@###.###.###.##.#
#.#.#.#.#.#.#.###.#
#:# #.###.###.## #.#
## ### ### ### #.#
... #.#


You could see a seven-headed hydra, a centaur and a friendly smoke demon.

Vanquished Creatures
  Gastronok (D:8)
  An elephant (D:8)
  A two-headed ogre (D:8)
  2 yaks (D:8)
  A spriggan (D:7)
  A hippogriff (D:8)
  3 ogres
  4 phantoms
  2 centaurs
  A sky beast (D:7)
  A crocodile (D:8)
  An ice beast (D:8)
  A big kobold (D:8)
  3 giant frogs
  5 scorpions
  4 killer bees (D:7)
  2 wights (D:8)
  5 crimson imps
  A gnoll shaman (D:5)
  2 jellies
  7 hounds
  5 orc priests
  10 worker ants
  Jessica (D:2)
  2 giant frog skeletons
  An iguana (D:7)
  6 orc wizards
  A killer bee zombie (D:5)
  A sheep (D:8)
  A hound zombie (D:7)
  A hound skeleton (D:4)
  7 adders
  12 gnolls
  An ooze (D:3)
  2 adder skeletons
  A worm (D:4)
  5 giant geckos
  26 orcs
  A ball python (D:3)
  13 goblins
  19 hobgoblins
  16 jackals
  8 bats
  7 giant cockroaches
  2 giant gecko skeletons (D:4)
  5 giant newts
  14 kobolds
  7 rats
  A fungus (D:8)
225 creatures vanquished.

Vanquished Creatures (collateral kills)
  A necrophage (D:7)
  2 giant frogs
  A gnoll (D:8)
  A shadow imp (D:8)
  A worm (D:4)
  An orc (D:8)
7 creatures vanquished.

Grand Total: 232 creatures vanquished

Notes
Turn   | Place    | Note
--------------------------------------------------------------
     0 | D:1      | JustSomeDude the Demonspawn Monk began the quest for the Orb.
     0 | D:1      | Reached XP level 1. HP: 18/18 MP: 1/1
   217 | D:1      | Gained mutation: You are partially covered in rough black scales (AC +4, Dex -1). [demonic ancestry]
   217 | D:1      | Reached XP level 2. HP: 12/24 MP: 2/2
   249 | D:1      | Reached skill level 4 in Unarmed Combat
   810 | D:2      | Reached XP level 3. HP: 26/29 MP: 3/3
   990 | D:2      | Noticed Jessica
   997 | D:2      | Killed Jessica
  1012 | D:2      | Gained mutation: A weak demonic guardian rushes to your aid. [demonic ancestry]
  1012 | D:2      | Reached XP level 4. HP: 26/35 MP: 4/4
  1580 | D:3      | Found a snail-covered altar of Cheibriados.
  1584 | D:3      | Became a worshipper of Cheibriados the Contemplative
  1584 | D:3      | Reached * piety under Cheibriados
  1584 | D:3      | Reached ** piety under Cheibriados
  2213 | D:4      | Gained mutation: You are mostly covered in rough black scales (AC +7, Dex -2). [demonic ancestry]
  2213 | D:4      | Reached XP level 5. HP: 41/41 MP: 5/5
  2289 | D:4      | Reached skill level 1 in Armour
  2653 | D:4      | Reached *** piety under Cheibriados
  2953 | D:4      | Reached skill level 1 in Axes
  2999 | D:4      | Reached **** piety under Cheibriados
  2999 | D:4      | Gained mutation: Your flesh is cold resistant. [demonic ancestry]
  2999 | D:4      | Reached XP level 6. HP: 41/47 MP: 6/6
  3253 | D:4      | Noticed a phantom
  3283 | D:4      | Killed a phantom
  3375 | D:5      | Entered Level 5 of the Dungeon
  3527 | D:4      | Gained mutation: You are immune to freezing clouds. [demonic ancestry]
  3527 | D:4      | Reached XP level 7. HP: 30/53 MP: 7/7
  3677 | D:5      | Reached skill level 5 in Dodging
  4052 | D:5      | Got a pitted spear {pain}
  4053 | D:5      | Identified the +5 spear of Fee Simple {pain, rC- MR+ Int+5} (You took it off a crimson imp on level 5 of the Dungeon)
  4127 | D:5      | Reached ***** piety under Cheibriados
  4398 | D:6      | Found a staircase to the Ecumenical Temple.
  4404 | Temple   | Entered the Ecumenical Temple
  4750 | D:6      | Reached XP level 8. HP: 57/61 MP: 8/8
  4885 | D:6      | Reached skill level 1 in Polearms
  5271 | D:7      | Reached skill level 5 in Fighting
  5420 | D:7      | Reached ****** piety under Cheibriados
  5595 | D:7      | You fall through a shaft!
  5662 | D:8      | Found Cerphun's Weapon Boutique.
  5719 | D:8      | Noticed an elephant
  5721 | D:8      | Found a staircase to the Lair.
  5739 | D:8      | Killed an elephant
  5739 | D:8      | Reached skill level 6 in Dodging
  5943 | D:8      | Gained mutation: You are completely covered in rough black scales (AC +10, Dex -3). [demonic ancestry]
  5943 | D:8      | Reached XP level 9. HP: 46/68 MP: 9/9
  6203 | D:7      | Reached skill level 5 in Armour
  6736 | D:8      | Noticed a two-headed ogre
  6764 | D:8      | Killed a two-headed ogre
  6974 | D:8      | Reached skill level 5 in Polearms
  7005 | D:8      | Gained mutation: A demonic guardian rushes to your aid. [demonic ancestry]
  7005 | D:8      | Reached XP level 10. HP: 35/77 MP: 10/10
  7073 | D:8      | Reached skill level 7 in Fighting
  7074 | D:8      | Noticed Gastronok
  7116 | D:8      | Killed Gastronok
  7197 | D:8      | Noticed a seven-headed hydra
  7205 | D:8      | HP: 1/79 [seven-headed hydra (8)]
  7205 | D:8      | Slain by a seven-headed hydra

Action                   |  1- 3 |  4- 6 |  7- 9 | 10-12 || total
-------------------------+-------+-------+-------+-------++-------
Melee: Unarmed           |    55 |       |       |       ||    55
       Dagger            |    72 |    98 |       |       ||   170
       Hand axe          |       |   225 |    77 |       ||   302
       Spear             |       |       |   387 |    69 ||   456
  Use: Potion            |       |     3 |     1 |     3 ||     7
       Scroll            |       |       |    13 |       ||    13
 Stab: Sleeping          |     2 |     3 |       |       ||     5
       Distracted        |       |       |     8 |       ||     8
  Eat: Fruit             |       |     3 |     1 |       ||     4
       Pizza             |       |     2 |       |       ||     2
       Chunk             |       |       |     6 |       ||     6
